 Dungeon Crawl Stone Soup version 0.32-a0-675-gdc239d62e1 (webtiles) character file.

Game seed: 14430098996698470389

105 BeKind the Chiller (level 4, -6/27 HPs)
             Began as an Octopode Ice Elementalist on Mar 11, 2024.
             Mangled by Pikel
             ... wielding a +2 whip of flaming
              (11 damage)
             ... on level 4 of the Dungeon.
             The game lasted 00:02:22 (1637 turns).

BeKind the Chiller (Octopode Ice Elementalist)      Turns: 1637, Time: 00:02:22

Health: -6/27      AC:  1    Str:  7    XL:     4   Next: 81%
Magic:  3/8        EV: 13    Int: 19    God:
Gold:   178        SH:  0    Dex: 12    Spells: 4/8 levels left

rFire   . . .        c - +1 rapier (speed)
rCold   . . .        (no shield)
rNeg    . . .        (helmet restricted)
rPois   .            (no amulet)
rElec   .            (no ring)
rCorr   .            (no ring)
SInv    .            (no ring)
Will    .....        (no ring)
Stlth   +++          (no ring)
HPRegen 0.24/turn    (no ring)
MPRegen 0.11/turn    (no ring)
                     (no ring)

%: no passive effects
@: freezing walls
A: almost no armour, amphibious, 8 rings, camouflage 1, gelatinous body 1,
(nimble swimmer 1), tentacles
a: no special abilities


You were on level 4 of the Dungeon.
You visited 1 branch of the dungeon, and saw 4 of its levels.

You collected 178 gold pieces.

Inventory:

Hand Weapons
 b - a +0 dagger
 c - a +1 rapier of speed (weapon)
Armour
 m - an orb of guile
Scrolls
 e - a scroll of revelation {unknown}
 f - a scroll of amnesia
 g - a scroll of enchant weapon {unknown}
 h - a scroll of fear {unknown}
 j - 2 scrolls of identify {unknown}
 k - 2 scrolls of immolation {unknown}
 l - a scroll of noise {unknown}
 n - a scroll of acquirement {unknown}
Potions
 a - a potion of magic
 d - a potion of invisibility {unknown}
 i - a potion of cancellation {unknown}


   Skills:
 + Level 3.2 Dodging
 - Level 3.0 Stealth
 + Level 2.9 Spellcasting
 + Level 4.7 Ice Magic


You had 4 spell levels left.
You knew the following spells:

 Your Spells              Type           Power      Damage    Failure   Level
a - Freeze                Ice            80%        1d9       2%          1
b - Frozen Ramparts       Ice            40%        1d7       7%          3

Your spell library contained the following spells:

 Spells                   Type           Power      Damage    Failure   Level
 Ozocubu's Armour         Ice            20%        N/A       7%          3
 Summon Ice Beast         Ice/Summ       11%        N/A       17%         3
 Gell's Gravitas          Tloc           2%         N/A       43%         3
 Teleport Other           Tloc           2%         N/A       43%         3
 Dispersal                Tloc           1%         N/A       100%        6


Dungeon Overview and Level Annotations

Branches:
Dungeon (4/15)
 Temple: D:4-7

Altars:
Uskayaw

Annotations:
D:4 Pikel


Innate Abilities, Weirdness & Mutations

You cannot wear most types of armour.
You are amphibious.
You can wear up to eight rings at the same time.
Your skin changes colour to match your surroundings (Stealth+).
Your rubbery body absorbs attacks. (AC +1, EV +1)
((You are camouflaged when in or above water. (Stealth+)))
You have tentacles for arms and can constrict up to eight enemies at once.


Message History

You hit the lemure. You grab the lemure.
The lemure is moderately wounded.
You constrict the lemure.
The wall freezes the lemure. x2
The lemure barely misses you.
The wall freezes Pikel.
You hit the lemure. You squeeze the lemure.
The lemure is almost dead.
You constrict the lemure.
You kill the lemure!
That felt strangely unrewarding.
The wall freezes the lemure.
You closely miss the lemure. You grab the lemure. You squeeze the lemure.
The lemure is heavily wounded.
You constrict the lemure. You hit the lemure.
The lemure is severely wounded.
The frozen ramparts melt away.
You constrict the lemure. The lemure hits you!
Unknown command.
Casting: Frozen Ramparts (quite dangerous; 7% risk of failure)
Confirm with . or Enter, or press ? or * to list all spells.
Casting: Frozen Ramparts (quite dangerous; 7% risk of failure)
Press: ? - help, Dir - look around, f - activate The walls around you are covered in ice.
You constrict the lemure.
You kill the lemure!
That felt strangely unrewarding.
The wall freezes Pikel but does no damage.
The wall freezes the hobgoblin.
You kill the hobgoblin!
You barely miss Pikel. Your grab misses Pikel.
Pikel is lightly wounded.
The wall freezes Pikel but does no damage.
Pikel hits you with a +2 whip of flaming!
* * * LOW HITPOINT WARNING * * *
Pikel burns you.
* * * LOW HITPOINT WARNING * * *
You puncture Pikel! You grab Pikel.
Pikel is moderately wounded.
You constrict Pikel.
The wall freezes Pikel.
Pikel hits you with a +2 whip of flaming!
You die...
Pikel says, "See you in Hell!"

# $#
♣####.
♣....
♣...#
#<#
#@#
#K#
..†
...##
#...#
#...#
....#
#.....


You could see Pikel.

Vanquished Creatures
  3 lemures (D:4)
  A sleepcap (D:4)
  2 adders (D:3)
  3 dart slugs
  4 bats
  6 endoplasms
  4 giant cockroaches
  5 goblins
  3 hobgoblins
  4 kobolds (D:1)
  3 quokkas
  7 ball pythons
  5 frilled lizards
  5 rats
55 creatures vanquished.

Notes
Turn   | Place    | Note
-------+----------+-------------------------------------------
     0 | D:1      | BeKind the Octopode Ice Elementalist began the quest for
                  | the Orb.
     0 | D:1      | Reached XP level 1. HP: 11/11 MP: 3/3
   127 | D:1      | Reached XP level 2. HP: 17/17 MP: 5/5
   248 | D:1      | Reached XP level 3. HP: 20/21 MP: 6/6
   266 | D:1      | Learned a level 3 spell: Frozen Ramparts
  1013 | D:3      | Found a hide-covered altar of Uskayaw.
  1033 | D:3      | Reached XP level 4. HP: 24/27 MP: 6/8
  1620 | D:4      | Noticed Pikel
  1620 | D:4      | Noticed a lemure
  1620 | D:4      | Noticed a lemure
  1621 | D:4      | Noticed a lemure
  1627 | D:4      | Killed a lemure
  1632 | D:4      | Killed a lemure
  1635 | D:4      | Killed a lemure
  1637 | D:4      | Mangled by Pikel

Illustrated notes

Levels and vault maps discovered:
D:1:      minmay_arrival_stone_box, layout_rooms
D:2:      layout_rooms, serial_bayou, serial_bayou_pond_d, serial_bayou_pond_c,
          serial_bayou_pond_c, serial_bayou_ford_a, minmay_misc_feat_cross,
          st_stairs_1, grunt_decor_one_mirror, kennysheep_another_room
D:3:      layout_loops_ring, mainiacjoe_overflow_brackets
D:4:      layout_loops_ring, minmay_temple_entry_nine_rooms, serial_shops,
          nicolae_shop_peninsula, shop_fountains, shop, shop_statue, shop,
          nicolae_ossuary_entry_false_entrances, portal_sewer_entry_e,
          nicolae_shop_vocational, uniq_menkaure, uniq_pikel

Skill      XL: |  1  2  3  4 |
---------------+-------------+-----
Stealth        | 3 |  3.0
Dodging        | 3 |  3.2
Spellcasting   | |  2.9
Ice Magic      | |  4.7

Action                     |  1- 3 |  4- 6 || total
---------------------------+-------+-------++-------
  Melee: Unarmed           |     5 |       ||     5
         Dagger            |     5 |       ||     5
         Constrict         |    14 |     7 ||    21
         Tentacles         |     5 |     6 ||    11
         Rapier            |    50 |    30 ||    80
   Cast: Freeze            |     2 |       ||     2
         Frozen Ramparts   |       |     2 ||     2
    Use: Scroll            |       |     1 ||     1
   Stab: Sleeping          |    15 |     7 ||    22
 Armour: Skin              |    13 |    12 ||    25
  Dodge: Dodged            |    23 |     6 ||    29

Table legend: (Time is in decaauts)
 A = Elapsed time spent in this place.
 B = Non-inter-level travel time spent in this place.
 C = Inter-level travel time spent in this place.
 D = Time resting spent in this place.
 E = Time spent auto-exploring this place.
 F = Levels seen in this place.
 G = Mean time per level.
                   A        B        C        D        E       F      G
               +--------+--------+--------+--------+--------+-----+--------+
         Total |   1619 |   1573 |     46 |      0 |   1254 |   4 |  404.8 |
       Dungeon |   1619 |   1573 |     46 |      0 |   1254 |   4 |  404.8 |
               +--------+--------+--------+--------+--------+-----+--------+

Top non-repeatable levels by time:
     D:3: 635 daAuts
     D:1: 497 daAuts
     D:2: 472 daAuts
     D:4: 14 daAuts
